 Dungeon Crawl Stone Soup version 0.18.1-48-g4cf74bf (webtiles) character file.

122 mindo the Magician (level 4, 0/40 HPs)
             Began as a High Elf Fire Elementalist on July 12, 2016.
             Succumbed to a worker ant's poison
             ... on level 3 of the Dungeon.
             The game lasted 00:22:18 (2936 turns).

mindo the Magician (High Elf Fire Elementalist)     Turns: 2936, Time: 00:22:19

Health: 0/40       AC: 22    Str:  7    XL:     4   Next: 78%
Magic:  3/11       EV:  2    Int: 25    God:
Gold:   154        SH:  3    Dex: 20    Spells: 3 memorised, 6 levels left

rFire  . . .     SeeInvis .     (no weapon)
rCold  . . .     Gourm    .     (armour currently unavailable)
rNeg   + + +     Faith    .     (no shield)
rPois  +         Spirit   .     (helmet currently unavailable)
rElec  .         Dismiss  .     (cloak currently unavailable)
rCorr  .         Reflect  +     (gloves currently unavailable)
SustAt .         Harm     .     (boots currently unavailable)
MR     .....     NoTele   +     u - +3 amulet of reflection
Stlth  ++++......               (no ring)
                                q - ring of flight

@: brilliant, agile, lethally poisoned (0 -> -3), tree-form, not resistant to
hostile enchantments, stealthy
A: no striking features
a: no special abilities


You were on level 3 of the Dungeon.
You were not hungry.
You were a tree.
You visited 1 branch of the dungeon, and saw 4 of its levels.

You collected 154 gold pieces.

Inventory:

Missiles
 l - 6 javelins (quivered)
Armour
 a - a +0 robe (melded)
 e - a +0 pair of gloves (melded)
 f - a +0 pair of gloves
 h - a +0 helmet
Jewellery
 q - a ring of flight (left branch)
 r - an uncursed amulet of faith
 u - a +3 amulet of reflection (around neck)
Wands
 s - a wand of flame (29/48)
Scrolls
 p - a scroll of teleportation
 t - 4 scrolls of identify {unknown}
 w - a scroll of amnesia {unknown}
 x - a scroll of fear {unknown}
Potions
 o - a potion of flight
Books
 b - a book of Flames

   Spells                             Type                      Level
   a - Flame Tongue                   Conjuration/Fire             1
   b - Throw Flame                    Conjuration/Fire             2
   c - Conjure Flame                  Conjuration/Fire             3
   d - Inner Flame                    Hexes/Fire                   3
   e - Sticky Flame                   Conjuration/Fire             4
   f - Fireball                       Conjuration/Fire             5
Comestibles
 c - 3 bread rations
 k - 2 meat rations
 A - a beef jerky


   Skills:
 - Level 2.1 Dodging
 - Level 2.1 Stealth
 * Level 4.5 Spellcasting
 + Level 2.3 Conjurations
 + Level 3.7 Fire Magic


You had 6 spell levels left.
You knew the following spells:

 Your Spells              Type           Power        Failure   Level  Hunger
a - Flame Tongue          Conj/Fire      #####        1%          1    None
b - Throw Flame           Conj/Fire      #####.       1%          2    None
c - Conjure Flame         Conj/Fire      #####...     1%          3    ##.....


Dungeon Overview and Level Annotations

Branches:
Dungeon (4/15)
 Temple: D:4-7

Altars:

Shops:
D:4 *


Message History

[Y]es or [N]o only, please.
Really abort (and waste the scroll)?
Okay, then.
* * * LOW HITPOINT WARNING * * *
You feel sick.
As you read the scroll labeled CAICRING AXTOGH, it crumbles to dust.
The air around you briefly surges with heat, but it dissipates.
It was a scroll of immolation.
Unknown command.
As you read the scroll labeled LAOTIN QOWUMM, it crumbles to dust.
You hear a loud clanging noise!
It was a scroll of noise.
* * * LOW HITPOINT WARNING * * *
You feel sick.
As you read the scroll labeled SIERGH ZOREMNU, it crumbles to dust.
It is a scroll of enchant weapon.
You aren't carrying any weapons that can be enchanted.
As you read the scroll labeled JEHIQI CEI, it crumbles to dust.
You feel a strange sense of stasis.
It was a scroll of teleportation.
You die...

#### ###.#....# #....# ...#
#.....#.# #.#### ##.# ######
#.##....# #.# ##.# #....#
#.......# #.#
...####.##.#########'## #.#
##......#....#....#...# #.###
.#..##.....#.#.##.'...# #...#
†...##....#..#.####...######.###
................♣.'.......>..#
####........####.##...####.###
.###........####.##...####.#
...+........+.....'...+.##.#
.###........#.##.##...#.##.#
.######'#.....##.##...#..#'#####
...# #.###......####...S...(..#
...# ##...#.###### #..........#
...###<.###.#### #..........#


There were no monsters in sight!

Vanquished Creatures
  2 worker ants
  4 adders
  A dart slug (D:3)
  A giant gecko (D:3)
  A ball python (D:4)
  3 bats
  3 giant cockroaches
  4 goblins
  5 hobgoblins
  4 jackals
  2 giant newts (D:3)
  2 kobolds
  A quokka skeleton (D:4)
  3 rats (D:1)
36 creatures vanquished.

Notes
Turn   | Place    | Note
--------------------------------------------------------------
     0 | D:1      | mindo the High Elf Fire Elementalist began the quest for the Orb.
     0 | D:1      | Reached XP level 1. HP: 11/11 MP: 4/4
   548 | D:1      | Reached XP level 2. HP: 17/17 MP: 4/6
   550 | D:1      | Reached skill level 3 in Spellcasting
   791 | D:2      | Learned a level 2 spell: Throw Flame
  1445 | D:2      | Reached XP level 3. HP: 21/21 MP: 5/8
  1450 | D:2      | Learned a level 3 spell: Conjure Flame
  2495 | D:4      | Found Huesar Fymeu's Serpentskin Sales.
  2584 | D:3      | Reached skill level 4 in Spellcasting
  2584 | D:3      | Reached XP level 4. HP: 14/27 MP: 1/11
  2864 | D:4      | Noticed an ice beast
  2930 | D:3      | HP: 2/40 [poisoned by a worker ant]
  2936 | D:3      | Succumbed to a worker ant's poison

Skill      XL: |  1  2  3 |
---------------+----------+-----
Spellcasting   | 3 4 |  4.5
Conjurations   | 2 |  2.3
Dodging        | |  2.1
Stealth        | |  2.1
Fire Magic     | |  3.7

Action                   |  1- 3 |  4- 6 || total
-------------------------+-------+-------++-------
Melee: Unarmed           |     3 |     2 ||     5
 Cast: Flame Tongue      |    29 |     2 ||    31
       Throw Flame       |    25 |    12 ||    37
       Conjure Flame     |     2 |       ||     2
Evoke: Wand              |     1 |     1 ||     2
  Use: Scroll            |     2 |     5 ||     7
       Potion            |     1 |     6 ||     7
  Eat: Bread ration      |     1 |     1 ||     2
Armor: Robe              |    21 |    10 ||    31
       Skin              |       |     2 ||     2
Dodge: Dodged            |    39 |    12 ||    51
Block: Other             |     3 |     3 ||     6
